 Dungeon Crawl Stone Soup version 0.23.0 (webtiles) character file.

Game seed: 1614059641888400987

1167 inmateoo the Twirler (level 8, -6/64 HPs)
             Began as a Formicid Fighter on Feb 12, 2019.
             Was an Initiate of Okawaru.
             Mangled by an ogre
             ... wielding a +0 giant club
              (18 damage)
             ... on level 6 of the Dungeon.
             The game lasted 00:05:42 (3997 turns).

inmateoo the Twirler (Formicid Fighter)             Turns: 3997, Time: 00:05:43

Health: -6/64      AC:  8    Str: 23    XL:     8   Next: 67%
Magic:  17/17      EV:  9    Int:  8    God:    Okawaru [......]
Gold:   325        SH: 10    Dex: 10    Spells: 7/7 levels left

rFire    . . .     SeeInvis +   a - +1 quarterstaff
rCold    . . .     Gourm    .   c - +0 shield
rNeg     . . .     Faith    .   b - +0 scale mail
rPois    .         Spirit   .   (helmet unavailable)
rElec    .         Reflect  .   (no cloak)
rCorr    .         Harm     .   e - +0 pair of gloves
MR       .....                  (no boots)
Stlth    ..........             (no amulet)
HPRegen  0.20/turn              i - ring of magical power
MPRegen  0.15/turn              (no ring)

@: no status effects
A: permanent stasis, dig shafts and tunnels, four strong arms, antennae 3
a: Dig, Shaft Self, Renounce Religion


You were on level 6 of the Dungeon.
You worshipped Okawaru.
Okawaru was noncommittal.
You were not hungry.

You visited 2 branches of the dungeon, and saw 7 of its levels.

You collected 325 gold pieces.

Inventory:

Hand Weapons
 a - a +1 quarterstaff (weapon)
Armour
 b - a +0 scale mail (worn)
 c - a +0 shield (worn)
 e - a +0 pair of gloves (worn)
Jewellery
 i - a ring of magical power (left hand)
Wands
 r - a wand of digging (7)
 y - a wand of iceblast (17)
Scrolls
 h - a scroll of silence {unknown}
 l - 2 scrolls of remove curse
 s - a scroll of enchant weapon
 t - a scroll of immolation
 u - a scroll of amnesia
Potions
 d - a potion of might
 g - a potion of mutation {unknown}
 j - a potion of degeneration {unknown}
 k - 4 potions of agility {unknown}
 m - a potion of flight {unknown}
 n - a potion of cancellation {unknown}
 q - 4 potions of brilliance
 B - 2 potions of lignification
 E - 2 potions of curing
Comestibles
 f - 9 rations


   Skills:
 + Level 5.8 Fighting
 * Level 6.4 Staves
 + Level 5.7 Armour
 + Level 6.2 Shields


You had 7 spell levels left.
You didn't know any spells.
Your spell library contained the following spells:

 Spells                   Type           Power        Failure   Level  Hunger
 Ensorcelled Hibernation  Hex/Ice        #.....       95%         2    ###....
 Borgnjor's Vile Clutch   Necr/Erth      #.........   100%        5    ######.
 Silence                  Hex/Air        #.........   100%        5    ######.
 Darkness                 Hex            #.........   100%        6    #######
 Shadow Creatures         Summ           N/A          100%        6    #######


Dungeon Overview and Level Annotations

Branches:
Dungeon (6/15)             Temple (1/1) D:5

Altars:
Ashenzari
Nemelex Xobeh
Okawaru
Ru
Sif Muna
Trog
Uskayaw
Xom
Zin
The Shining One


Innate Abilities, Weirdness & Mutations

You cannot be hasted, slowed, berserked, paralysed or teleported.
You can dig through walls and to a lower floor.
Your four strong arms can wield two-handed weapons with a shield.
You have a pair of large antennae on your head. (SInv)


Message History

An orc comes into view. It is wielding a +0 falchion.
An orc warrior comes into view.
It is wielding a +1 long sword of protection.
The orc priest looks satisfied for a moment.
You extend your mandibles.
You dig through the rock wall.
You dig through the rock wall.
You dig through the rock wall.
You dig through the rock wall.
The ogre hits you with a +0 giant club!
* * * LOW HITPOINT WARNING * * *
You dig through the rock wall.
You dig through the rock wall.
You dig through the rock wall.
Unknown command.
You retract your mandibles.
You extend your mandibles.
You dig through the rock wall.
You dig through the rock wall.
You dig through the rock wall.
The ogre hits you with a +0 giant club!!
You die...

##.# #. #... #.
..# #. o #.# #
###. o####.###.#
#... {{{{.....)#
#.## {####.=####
#.#
##.###########
#.#
#{#{#.#{#.#@#
#.#
#.{#{#{#.#O##
#.#
##.##########
#.# #...## #.#
#.#.#.## #.#
#.##.##.########
#.# #.#
#............
#####.## ##
####.########
#....... ##.####
#[###.#.


You could see an ogre.

Vanquished Creatures
  Sigmund (D:5)
  An ogre (D:5)
  A bullfrog (D:5)
  A howler monkey (D:5)
  A crimson imp (D:6)
  A bullfrog zombie (D:5)
  A hound (D:4)
  3 orc priests (D:5)
  3 orc wizards
  2 bullfrog skeletons (D:5)
  Ijyb (D:5)
  Jessica (D:2)
  5 worker ants
  A hound skeleton (D:4)
  8 gnolls
  8 adders
  A shadow imp (D:6)
  5 worms
  A dart slug (D:1)
  4 leopard geckos
  16 orcs
  5 bats
  7 giant cockroaches
  11 goblins
  5 hobgoblins
  11 jackals
  13 kobolds
  6 quokkas
  4 frilled lizards
  2 leopard gecko skeletons (D:5)
  6 rats
136 creatures vanquished.

Notes
Turn   | Place    | Note
-------+----------+-------------------------------------------
     0 | D:1      | inmateoo the Formicid Fighter began the quest for the Orb.
     0 | D:1      | Reached XP level 1. HP: 18/18 MP: 1/1
    42 | D:1      | Reached XP level 2. HP: 24/24 MP: 2/2
   125 | D:1      | Reached XP level 3. HP: 21/29 MP: 3/3
   601 | D:2      | Reached XP level 4. HP: 33/37 MP: 4/4
   896 | D:2      | Noticed Jessica
   903 | D:2      | Killed Jessica
   903 | D:2      | Reached XP level 5. HP: 37/42 MP: 5/5
  1778 | D:4      | Reached XP level 6. HP: 39/48 MP: 6/6
  2075 | D:4      | Reached skill level 5 in Shields
  2075 | D:4      | Reached XP level 7. HP: 39/55 MP: 7/7
  2310 | D:4      | Found a deep blue altar of Sif Muna.
  2503 | D:5      | Entered Level 5 of the Dungeon
  2600 | D:5      | Noticed Ijyb
  2623 | D:5      | Killed Ijyb
  2623 | D:5      | Reached skill level 5 in Staves
  2834 | D:5      | Reached skill level 5 in Fighting
  2952 | D:5      | Reached skill level 5 in Armour
  2993 | D:5      | Reached XP level 8. HP: 11/62 MP: 8/8
  3337 | D:5      | Noticed Sigmund
  3347 | D:5      | Killed Sigmund
  3436 | D:5      | Found a sacrificial altar of Ru.
  3575 | D:5      | Found a staircase to the Ecumenical Temple.
  3584 | Temple   | Entered the Ecumenical Temple
  3603 | Temple   | Became a worshipper of Warmaster Okawaru
  3997 | D:6      | Mangled by an ogre

Skill      XL: |  1  2  3  4  5  6  7  8 |
---------------+-------------------------+-----
Shields        | 4 5 6 |  6.2
Staves         | 3 4 5 6 |  6.4
Armour         | 4 5 |  5.7
Fighting       | 4 5 |  5.8

Action                   |  1- 3 |  4- 6 |  7- 9 || total
-------------------------+-------+-------+-------++-------
Melee: Quarterstaff      |    70 |   213 |   196 ||   479
 Abil: Dig               |       |     1 |     4 ||     5
Evoke: Wand              |       |       |     9 ||     9
  Use: Potion            |       |       |     5 ||     5
       Scroll            |       |       |    12 ||    12
  Eat: Chunk             |       |     4 |     4 ||     8
       Ration            |       |       |     1 ||     1
Armor: Scale mail        |    26 |    71 |    52 ||   149
Dodge: Dodged            |    27 |    85 |    47 ||   159
Block: Shield            |    31 |   101 |    94 ||   226
